 Dungeon Crawl Stone Soup version 0.31-a0-358-gac0dbeb3ab (webtiles) character file.

Game seed: 11483403810859275140

19840 hehateme the Fighter (level 12, 0/84 HPs)
             Began as a Gargoyle Monk on Dec 26, 2022.
             Was a Believer of Fedhas.
             Slain by a black mamba (8 damage)
             ... on level 3 of the Lair of Beasts on July 26, 2023.
             The game lasted 00:33:56 (15200 turns).

hehateme the Fighter (Gargoyle Monk)               Turns: 15200, Time: 00:33:56

Health: 0/84       AC: 25    Str: 26      XL:     12   Next: 73%
Magic:  15/19      EV:  9    Int:  6      God:    Fedhas [**....]
Gold:   571        SH:  5    Dex: 15 (16) Spells: 11/11 levels left

rFire   + + .        I - +9 trident of the Morning {speed, Dex+4}
rCold   + + .        p - +0 buckler
rNeg    + . .        x - +0 chain mail
rPois   ∞            W - +2 hat {SInv}
rElec   +            C - +0 cloak
rCorr   .            (no gloves)
SInv    +            T - +1 pair of boots
Will    +....        (no amulet) Stlth
                     o - +6 ring of strength
HPRegen 0.34/turn    F - ring of Qoaneiddum {Fly rF++ rC++ Int-5}
MPRegen 0.16/turn

%: no passive effects
@: flying, studying Summonings
A: sickness immunity, AC +8, negative energy resistance 1, electricity
resistance, torment resistance 1, petrification resistance, deterioration 1,
strong-willed 1, teleportitis 1, MP-powered wands
a: Renounce Religion, Wall of Briars


You were on level 3 of the Lair of Beasts.
You worshipped Fedhas.
Fedhas was pleased with you.
You visited 3 branches of the dungeon, and saw 14 of its levels.

You collected 571 gold pieces.

Inventory:

Hand Weapons
 a - a +0 hand axe
 v - a +2 dagger of electrocution
 D - a +1 hand axe of freezing
 I - the +9 trident of the Morning (weapon) {speed, Dex+4}
   (You found it on level 8 of the Dungeon)

   Dex:       It affects your dexterity (+4).
Missiles
 z - 44 poisoned darts (quivered)
 L - 10 boomerangs
 N - 4 curare-tipped darts
 O - 2 boomerangs of dispersal {=f}
 Q - 100 stones
Armour
 b - a +0 robe
 p - a +0 buckler (worn)
 q - a +0 helmet
 s - the +1 ring mail of Freedom {*Corrode rC- Str+5 Slay+2}
   (You found it on level 9 of the Dungeon)

   Str:       It affects your strength (+5).
   Slay:      It affects your accuracy & damage with ranged weapons and melee
   (+2).
   rC:        It makes you vulnerable to cold.
   *Corrode:  It may corrode you when you take damage.
 x - a +0 chain mail (worn)
 C - a +0 cloak (worn)
 T - a +1 pair of boots (worn)
 W - a +2 hat of see invisible (worn)
Jewellery
 e - an amulet of regeneration
 o - a +6 ring of strength (left hand)
 E - a +6 ring of dexterity
 F - the ring of Qoaneiddum (right hand) {Fly rF++ rC++ Int-5}
   (You found it on level 3 of the Dungeon)

   [ring of flight]

   Int:       It affects your intelligence (-5).
   rF:        It greatly protects you from fire.
   rC:        It greatly protects you from cold.
   Fly:       It grants you flight.
 J - a ring of magical power {MP+9}
Talismans
 A - a beast talisman
Wands
 G - a wand of acid (15)
 H - a wand of paralysis (4)
 P - a wand of polymorph (3)
 X - a wand of mindburst (2)
Scrolls
 f - 4 scrolls of amnesia
 g - 3 scrolls of blinking {!r}
 i - 4 scrolls of identify
 j - 3 scrolls of immolation {unknown}
 k - a scroll of fear
 l - 3 scrolls of fog
 n - 2 scrolls of revelation {unknown}
 t - 5 scrolls of teleportation
 w - a scroll of enchant weapon
 y - a scroll of noise {!r}
 U - a scroll of enchant armour {unknown}
 V - a scroll of poison {unknown}
Potions
 c - 2 potions of ambrosia
 d - 4 potions of magic
 h - a potion of attraction {!q}
 m - a potion of cancellation
 r - 4 potions of curing
 u - 4 potions of enlightenment
 B - a potion of degeneration {unknown}
 K - a potion of resistance
 M - 2 potions of heal wounds
 R - a potion of berserk rage {!q}
 S - a potion of might


   Skills:
 + Level 13.0 Fighting
 - Level 11.1(11.4) Axes
 - Level 4.0(8.2) Polearms
 - Level 7.2 Armour
 + Level 2.4 Dodging
 - Level 2.1 Stealth
 + Level 3.9 Shields
 - Level 10.1 Invocations


You had 11 spell levels left.
You didn't know any spells.
Your spell library contained the following spells:

 Spells                   Type           Power      Damage    Failure   Level
 Static Discharge         Conj/Air       0%         2-2/arc   98%         2
 Call Canine Familiar     Summ           0%         N/A       100%        3
 Frozen Ramparts          Ice            0%         1d1       100%        3
 Ignite Poison            Fire/Tmut/Pois 0%         N/A       100%        3
 Stone Arrow              Conj/Erth      0%         3d7       100%        3
 Vhi's Electric Charge    Tloc/Air       0%         N/A       100%        3
 Animate Armour           Summ/Erth      0%         N/A       100%        4
 Summon Ice Beast         Ice/Summ       0%         N/A       100%        4
 Alistair's Intoxication  Tmut/Pois      0%         N/A       100%        5
 Arcjolt                  Conj/Air       0%         1d10      100%        5
 Irradiate                Conj/Tmut      0%         3d11      100%        5
 Lightning Bolt           Conj/Air       0%         1d11      100%        5
 Lehudib's Crystal Spear  Conj/Erth      0%         10d2      100%        8


Dungeon Overview and Level Annotations

Branches:
Dungeon (10/15)            Temple (1/1) D:7            Lair (3/5) D:9
 Shoals (0/4) Lair:3
  Snake: Lair:2-3    Spider: Lair:2-3       Orc: D:9-12

Altars:
Ashenzari
Cheibriados
Dithmenos
Elyvilon
Fedhas
Gozag
Hepliaklqana
Kikubaaqudgha
Makhleb
Nemelex Xobeh
Okawaru
Qazlal
Ru
Sif Muna
Trog
Uskayaw
Vehumet
Wu Jian
Xom
Yredelemnul
Zin
The Shining One

Annotations:
D:2 Jessica
D:3 3 runed translucent doors, HallandMoats's ghost, amateur DsMo
D:6 1 runed translucent door, spardeous's ghost, novice DgEE
D:8 3 runed translucent doors, randomguy2701's ghost, novice MiFi


Innate Abilities, Weirdness & Mutations

You are immune to sickness and miasma.
Your stone body is resilient. (AC +8)
You are immune to poison.
You resist negative energy. (rN+)
You are resistant to electric shocks. (rElec)
You are resistant to unholy torment.
You are immune to petrification.
Your body sometimes deteriorates upon taking damage.
You are strong-willed. (Will+)
You are occasionally teleported next to monsters.
You expend magic power (3 MP) to strengthen your wands.


Message History

The elephant looks frightened!
The death yak looks frightened!
A bullfrog comes into view.
A death yak comes into view.
The explosion of spores engulfs you!!
* * * LOW HITPOINT WARNING * * *
The black bear appears confused.
The explosion of spores engulfs the black bear!!
You kill the black bear!
Fedhas protects your plant from harm.
You hear a bellow! x2; You hear a trumpeting!
You hear a bellow! x4
You hear a trumpeting!
You take 32 damage, and have 13/84 hp.
GAME OVER YEAH!!
You feel better.
A death yak comes into view.
You regained 8 hp, and now have 21/84 hp.
As you read the scroll of teleportation, it crumbles to dust.
You feel strangely unstable.
A yak comes into view.
You fly carefully through the plants.
The bullfrog attacks as you move away!
The bullfrog hits you but does no damage.
Your surroundings suddenly seem different.
Sorry, I don't know how to get there.
Unknown command.
The black mamba seems to regain its courage.
Throw: 45 darts (poison)
Press: ? - help, Q - select action, (/) - cycle Shift-Dir - straight line, f - black mamba
Aim: a black mamba (46% to hit)
You throw a poisoned dart.
The poisoned dart closely misses the black mamba.
Fedhas protects your plant from harm. The black mamba bites you!
* * * LOW HITPOINT WARNING * * *
You take 7 damage, and have 19/84 hp.
You hit the black mamba but do no damage.
The black mamba bites you but does no damage.
The black mamba bites you!
* * * LOW HITPOINT WARNING * * *
You take 11 damage, and have 8/84 hp.
You hit the black mamba. The black mamba bites you!
You die...

... .......#
..........##
..........##
..........###
.#.....P##.##.
..............
#.............
#.....P...P...
#@S..P.P..P...
#.....P.......
#.............
#......P⌠.....
#.......(.....
................
##..............
................
###..............

Skill      XL: |  1  2  3  4  5  6  7  8  9 10 11 12 |
---------------+-------------------------------------+-----
Axes           | 3 4 5 7 8 10 11 | 11.1
Fighting       | 4 5 6 7 9 10 12 13 | 13.0
Polearms       | 3 4 |  4.0
Armour         | 5 7 |  7.2
Invocations    | 7 10 | 10.1
Shields        | 3 |  3.9
Dodging        | |  2.4
Stealth        | |  2.1

Notes
Turn   | Place    | Note
-------+----------+-------------------------------------------
     0 | D:1      | hehateme the Gargoyle Monk began the quest for the Orb.
     0 | D:1      | Reached XP level 1. HP: 14/14 MP: 1/1
   141 | D:1      | Reached skill level 3 in Axes
   141 | D:1      | Reached XP level 2. HP: 16/19 MP: 2/2
   418 | D:1      | Reached XP level 3. HP: 22/24 MP: 3/3
   850 | D:1      | Found a faded altar of an unknown god.
  1007 | D:2      | Noticed Jessica
  1275 | D:2      | Reached skill level 4 in Fighting
  1275 | D:2      | Reached XP level 4. HP: 18/29 MP: 4/4
  1281 | D:2      | Reached skill level 4 in Axes
  1407 | D:2      | Noticed Natasha
  1419 | D:2      | Killed Natasha
  1421 | D:2      | Upgraded the game from 0.30-a0-540-g0af01429fa to
                  | 0.31-a0-358-gac0dbeb3ab
  1604 | D:2      | Reached XP level 5. HP: 28/34 MP: 5/5
  1916 | D:2      | Noticed Natasha
  2080 | D:2      | Killed Natasha
  2165 | D:2      | Noticed Natasha
  2175 | D:2      | Killed Natasha
  2479 | D:3      | Got the Compilation of the Fisher
  2535 | D:3      | Reached skill level 5 in Axes
  2577 | D:3      | Noticed Grinder
  2585 | D:3      | Paralysed by Grinder for 4 turns
  2596 | D:3      | HP: 4/34 [Grinder (8)]
  2599 | D:3      | Killed Grinder
  2600 | D:3      | Reached skill level 5 in Fighting
  2600 | D:3      | Reached XP level 6. HP: 6/40 MP: 6/6
  2904 | D:3      | Noticed Robin
  2945 | D:3      | HP: 9/40 [goblin/sling bullet[Robin] (2)]
  2953 | D:3      | Killed Robin
  3046 | D:3      | Found a runed translucent gate.
  3064 | D:3      | Reached XP level 7. HP: 26/44 MP: 7/7
  3073 | D:3      | HP: 7/44 [sleepcap (6)]
  3075 | D:3      | Reached skill level 6 in Axes
  3315 | D:3      | Identified the ring of Qoaneiddum {Fly rF++ rC++ Int-5}
  3410 | D:3      | Found a runed translucent gate.
  3410 | D:3      | Found a runed translucent gate.
  3415 | D:3      | Noticed HallandMoats's ghost (amateur DsMo)
  4273 | D:4      | You are sucked into a shaft and drop 2 floors!
  4299 | D:5      | Entered Level 5 of the Dungeon
  4554 | D:5      | Reached skill level 6 in Fighting
  4632 | D:5      | HP: 9/46 [ice beast (3)]
  4643 | D:5      | HP: 11/46 [ice beast (1)]
  4646 | D:5      | Reached skill level 7 in Axes
  4646 | D:5      | Reached XP level 8. HP: 10/52 MP: 8/8
  5516 | D:6      | Got the Codex of the Crevasse and Teratogeny
  5543 | D:6      | Reached skill level 7 in Fighting
  5543 | D:6      | Reached skill level 8 in Axes
  5913 | D:6      | Found a runed translucent door.
  5924 | D:6      | Noticed spardeous's ghost (novice DgEE)
  6345 | D:6      | Reached XP level 9. HP: 46/59 MP: 9/9
  6409 | D:6      | Reached skill level 9 in Axes
  6419 | D:6      | Reached skill level 8 in Fighting
  6651 | D:6      | Noticed a hornet
  6662 | D:5      | Killed a hornet
  7020 | D:7      | Reached skill level 10 in Axes
  7149 | D:7      | Reached skill level 9 in Fighting
  7424 | D:7      | Found a staircase to the Ecumenical Temple.
  7478 | D:7      | Found a broken altar of Ashenzari.
  7530 | D:7      | Found a sacrificial altar of Ru.
  7599 | D:7      | Reached XP level 10. HP: 30/66 MP: 10/10
  8096 | D:7      | Reached skill level 11 in Axes
  8176 | Temple   | Entered the Ecumenical Temple
  8184 | Temple   | Became a worshipper of Fedhas Madash
  8184 | Temple   | Reached * piety under Fedhas
  8184 | Temple   | Reached ** piety under Fedhas
  8217 | D:8      | Found a runed translucent gate.
  8260 | D:8      | Found a runed translucent gate.
  8260 | D:8      | Found a runed translucent gate.
  8354 | D:8      | Identified the +9 trident of the Morning {speed, Dex+4}
  8462 | D:8      | Noticed a two-headed ogre
  8476 | D:8      | Killed a two-headed ogre
  8477 | D:8      | Reached skill level 1 in Polearms
  8477 | D:8      | Reached skill level 2 in Armour
  8589 | D:8      | Noticed randomguy2701's ghost (novice MiFi)
  8651 | D:8      | Reached skill level 10 in Fighting
  8658 | D:8      | Reached skill level 3 in Armour
  8669 | D:8      | Reached skill level 2 in Polearms
  8676 | D:8      | Reached skill level 4 in Armour
  8678 | D:8      | HP: 15/68 [yak (10)]
  8990 | D:8      | Noticed a manticore
  8999 | D:8      | Killed a manticore
  9134 | D:8      | Reached skill level 5 in Armour
  9264 | D:8      | Reached skill level 3 in Polearms
  9589 | D:8      | Reached XP level 11. HP: 61/73 MP: 11/11
  9593 | D:8      | Reached skill level 6 in Armour
  9761 | D:8      | Gained mutation: You sometimes lose your temper in combat.
                  | [potion of mutation]
  9761 | D:8      | Gained mutation: Your mind is acute. (Int +4, Str/Dex -1)
                  | [potion of mutation]
  9761 | D:8      | Gained mutation: Your body sometimes deteriorates upon
                  | taking damage. [potion of mutation]
  9761 | D:8      | Gained mutation: You are strong-willed. (Will+) [potion of
                  | mutation]
 10084 | D:9      | Reached *** piety under Fedhas
 10085 | D:9      | Reached skill level 7 in Armour
 10092 | D:9      | Reached skill level 4 in Polearms
 10097 | D:9      | Reached skill level 11 in Fighting
 10187 | D:9      | Found a staircase to the Lair.
 10239 | D:9      | Found a shadowy altar of Dithmenos.
 10341 | D:9      | Identified the +1 ring mail of Freedom {*Corrode rC- Str+5
                  | Slay+2}
 10537 | D:9      | Found a snail-covered altar of Cheibriados.
 10643 | D:9      | Reached skill level 1 in Invocations
 10682 | D:9      | Lost mutation: You sometimes lose your temper in combat.
                  | [potion of mutation]
 10682 | D:9      | Lost mutation: Your mind is acute. (Int +4, Str/Dex -1)
                  | [potion of mutation]
 10682 | D:9      | Gained mutation: You are occasionally teleported next to
                  | monsters. [potion of mutation]
 10682 | D:9      | Gained mutation: You expend magic power (3 MP) to
                  | strengthen your wands. [potion of mutation]
 11125 | D:9      | Reached skill level 2 in Invocations
 11180 | D:9      | Reached skill level 3 in Invocations
 11330 | D:10     | Entered Level 10 of the Dungeon
 12089 | D:10     | Reached skill level 4 in Invocations
 12463 | Lair:1   | Entered Level 1 of the Lair of Beasts
 12715 | Lair:1   | Reached skill level 5 in Invocations
 12743 | Lair:1   | Reached skill level 6 in Invocations
 13010 | Lair:1   | Found a gate leading to a gauntlet.
 13134 | Lair:1   | Reached skill level 12 in Fighting
 13135 | Lair:1   | Reached skill level 7 in Invocations
 13135 | Lair:1   | Reached XP level 12. HP: 58/81 MP: 13/17
 13774 | Lair:2   | Reached skill level 8 in Invocations
 13963 | Lair:2   | Reached skill level 1 in Shields
 14214 | Lair:2   | Noticed Gastronok
 14262 | Lair:2   | Killed Gastronok
 14263 | Lair:2   | Reached skill level 2 in Shields
 14265 | Lair:2   | Reached skill level 9 in Invocations
 14730 | Lair:3   | Found a staircase to the Shoals.
 15014 | Lair:3   | Reached skill level 3 in Shields
 15040 | Lair:3   | Reached skill level 10 in Invocations
 15171 | Lair:3   | Reached skill level 13 in Fighting
 15182 | Lair:3   | Noticed a death yak
 15183 | Lair:3   | Noticed a death yak
 15183 | Lair:3   | HP: 13/84 [spore (33)]
 15184 | Lair:3   | Noticed a death yak
 15198 | Lair:3   | HP: 19/84 [black mamba (7)]
 15199 | Lair:3   | HP: 8/84 [black mamba (11)]
 15200 | Lair:3   | Slain by a black mamba

Table legend: (Time is in decaauts)
 A = Elapsed time spent in this place.
 B = Non-inter-level travel time spent in this place.
 C = Inter-level travel time spent in this place.
 D = Time resting spent in this place.
 E = Time spent auto-exploring this place.
 F = Levels seen in this place.
 G = Mean time per level.
                   A        B        C        D        E       F      G
               +--------+--------+--------+--------+--------+-----+--------+
         Total |  15113 |  14606 |    507 |   2722 |   9224 |  14 | 1079.5 |
       Dungeon |  12600 |  12142 |    458 |   2345 |   7587 |  10 | 1260.0 |
        Temple |     16 |      2 |     14 |      0 |      0 |   1 |   16.0 |
          Lair |   2496 |   2461 |     35 |    377 |   1637 |   3 |  832.0 |
               +--------+--------+--------+--------+--------+-----+--------+

Top non-repeatable levels by time:
     D:2: 1768 daAuts
     D:8: 1726 daAuts
     D:9: 1696 daAuts
     D:6: 1467 daAuts
     D:3: 1359 daAuts
     D:5: 1242 daAuts
     D:7: 1169 daAuts
  Lair:2: 1015 daAuts
  Lair:1: 1003 daAuts
    D:10: 955 daAuts
     D:1: 920 daAuts
  Lair:3: 477 daAuts
     D:4: 294 daAuts
  Temple: 16 daAuts

Table legend:
 A = Kills in this place as a percentage of kills in the entire game.
 B = Kills by you in this place as a percentage of kills by you in the entire game.
 C = Kills by friends in this place as a percentage of kills by friends in the entire game.
 D = Other kills in this place as a percentage of other kills in the entire game.
 E = Experience gained in this place as a percentage of experience gained in the entire game.
 F = Experience gained in this place divided by the number of levels of this place that you have seen.
                   A       B       C       D       E      F
               +-------+-------+-------+-------+-------+----------------------
         Total | 100.0 | 100.0 | 100.0 | 100.0 | 100.0 | 2024.5
       Dungeon |  85.3 |  87.1 |   0.0 |   0.0 |  50.7 | 1436.1
          Lair |  14.7 |  12.9 | 100.0 | 100.0 |  49.3 | 4660.7
               +-------+-------+-------+-------+-------+----------------------

Action                     |  1- 3 |  4- 6 |  7- 9 | 10-12 || total
---------------------------+-------+-------+-------+-------++-------
  Melee: Hand axe          |   108 |   166 |   475 |    51 ||   800
         Dagger            |       |    24 |    35 |       ||    59
         Trident           |       |       |       |   422 ||   422
  Throw: Stone             |     1 |       |     2 |       ||     3
         Dart              |       |       |     4 |    26 ||    30
 Invoke: Wall of Briars    |       |       |       |     9 ||     9
         Grow Ballistomyce |       |       |       |     8 ||     8
Ability: Begin Untransform |       |       |       |     1 ||     1
  Evoke: Wand              |       |       |     4 |     4 ||     8
    Use: Potion            |       |     4 |       |    11 ||    15
         Scroll            |       |       |       |    10 ||    10
   Stab: Sleeping          |     8 |     1 |       |       ||     9
         Invisible         |       |     2 |       |       ||     2
         Held in net/web   |       |       |     2 |       ||     2
         Confused          |       |       |       |     2 ||     2
 Armour: Robe              |    36 |    63 |    29 |       ||   128
         Chain mail        |       |       |   285 |   225 ||   510
  Dodge: Dodged            |    70 |   106 |   218 |   169 ||   563
  Block: Buckler           |       |    20 |    86 |    86 ||   192
   Form: Beast             |       |       |     1 |       ||     1

Vanquished Creatures
  Gastronok (Lair:2)
  A two-headed ogre (D:8)
  A manticore (D:8)
  3 black mambas (Lair:1)
  8 elephants
  2 merfolk sirens (Lair:3)
  4 cane toads (Lair:1)
  A kobold demonologist (D:9)
  3 komodo dragons
  2 merfolk (Lair:3)
  2 trolls (D:10)
  A polar bear (Lair:1)
  A hornet (D:5)
  Grinder (D:3)
  A wraith (D:10)
  3 wyverns (D:7)
  16 yaks
  4 basilisks
  A steam dragon (D:8)
  3 acid dragons
  8 water moccasins
  An orc warrior (D:8)
  2 ice beasts
  5 black bears
  A wolf (Lair:2)
  2 ogres
  3 centaurs
  A phantom (D:6)
  9 kobold brigands
  11 bullfrogs
  10 scorpions
  13 wights
  3 killer bees (D:7)
  2 howler monkeys
  A vampire bat (D:4)
  An orc priest (D:8)
  2 hounds
  A sleepcap (D:3)
  4 iguanas
  3 orc wizards
  Natasha (thrice) (D:2)
  Robin (D:3)
  12 adders
  2 white imps
  2 ufetubi
  5 worms
  5 dart slugs
  3 fire bats (D:4)
  9 orcs
  2 spectral bats (D:4)
  16 bats
  3 bat skeletons (D:4)
  A bat zombie (D:4)
  10 endoplasms
  2 giant cockroaches (D:3)
  18 goblins
  6 hobgoblins
  12 jackals
  19 kobolds
  3 quokkas
  3 ball pythons (D:2)
  A bat simulacrum (D:4)
  3 frilled lizards
  5 rats
  A ballistomycete spore (Lair:3)
289 creatures vanquished.

Vanquished Creatures (collateral kills)
  A polar bear (Lair:3)
  2 wolves (Lair:2)
  A black bear (Lair:3)
  27 ballistomycete spores
31 creatures vanquished.

Vanquished Creatures (others)
  A ballistomycete spore (Lair:3)
1 creature vanquished.

Grand Total: 321 creatures vanquished You could see a black mamba.

Levels and vault maps discovered:
D:1:      lemuel_arrival_funnel, layout_loops_ring,
          hellmonk_ecumenical_altar_leap_of_faith
D:2:      layout_basic, serial_bayou, serial_bayou_lagoon_a,
          serial_bayou_lagoon_b, serial_bayou_ford_a, serial_bayou_pond_d,
          serial_bayou_shore_a, minmay_cut_off, uniq_jessica, uniq_natasha
D:3:      layout_basic, gammafunk_ghost_necromancy, st_stairs_12,
          grunt_ministairs_15, minmay_checkerbox, uniq_robin, uniq_grinder
D:4:      cheibrodos_old_hovel, layout_basic, goddamned_bats, uniq_eustachio
D:5:      layout_basic
D:6:      old_forge, layout_loops_ring, ebering_ghost_reflecting_pool,
          nicolae_figureground_pulse
D:7:      layout_loops_cross, mainiacjoe_overflow_catch_the_wave,
          minmay_temple_entry_sparse_star, chequers_ossuary_entry_cave
D:8:      layout_gridville, gammafunk_ghost_icy, minmay_manual_maat
D:9:      layout_roguey, mainiacjoe_overflow_alcove_1, slow_altar_2,
          due_lair_maze_entry_diamond, special_room [special_room_kobold]
D:10:     layout_irregular_city, nicolae_lava_and_water
Temple:   nicolae_temple_two_arcs
Lair:1:   layout_gridlike, gauntlet_entry_generic
Lair:2:   layout_loops_ring, serial_bayou_shore_b, uniq_gastronok
Lair:3:   beast_lair_carwin_large_4, layout_chaotic_city,
          elwin_shoals_entry_stream, dummy_spider_entry,
          pdpol_lair_neglected_garden, uniq_nessos
